 Dungeon Crawl Stone Soup version 0.21-a0-352-g5b8f553 (webtiles) character file.

11 tidbits the Grasshopper (level 2, -2/23 HPs)
             Began as a Gnoll Wanderer on Oct 10, 2017.
             Slain by a sky beast (5 damage)
             ... on level 2 of the Dungeon.
             The game lasted 00:01:39 (156 turns).

tidbits the Grasshopper (Gnoll Wanderer)             Turns: 156, Time: 00:01:40

Health: -2/23      AC:  5    Str: 14    XL:     2   Next: 25%
Magic:  5/5        EV: 10    Int: 13    God:
Gold:   17         SH:  0    Dex: 15    Spells: 6/6 levels left

rFire    . . .     SeeInvis .   b - +0 shortbow
rCold    . . .     Gourm    .   (shield currently unavailable)
rNeg     . . .     Faith    .   d - +0 ring mail
rPois    .         Spirit   .   (no helmet)
rElec    .         Reflect  .   (no cloak)
rCorr    .         Harm     .   (no gloves)
MR       .....                  (no boots)
Stlth    +.........             (no amulet)
HPRegen  0.07/turn              (no ring)
MPRegen  0.09/turn              (no ring)

@: no status effects
A: distributed training, fangs 1, strong nose
a: no special abilities


You were on level 2 of the Dungeon.
You were not hungry.

You visited 1 branch of the dungeon, and saw 2 of its levels.

You collected 17 gold pieces.

Inventory:

Hand Weapons
 b - a +0 shortbow (weapon)
Missiles
 c - 32 arrows (quivered)
Armour
 d - a +0 ring mail (worn)
Scrolls
 g - a scroll of enchant armour {unknown}
Potions
 e - a potion of curing
Books
 a - a book of Spatial Translocations

   Spells                             Type                      Level
   a - Blink                          Translocation                2
   b - Shroud of Golubria             Charms/Translocation         2
   c - Lesser Beckoning               Translocation                3
   d - Gell's Gravitas                Translocation                3
   e - Teleport Other                 Translocation                3
   f - Passage of Golubria            Translocation                4
Comestibles
 f - a bread ration


   Skills:
 + Level 2.4 Fighting
 + Level 0.3 Short Blades
 + Level 0.3 Long Blades
 + Level 0.3 Axes
 + Level 0.3 Maces & Flails
 + Level 0.3 Polearms
 + Level 0.3 Staves
 + Level 0.3 Slings
 + Level 2.4 Bows
 + Level 0.3 Crossbows
 + Level 0.3 Throwing
 + Level 2.4 Armour
 + Level 0.3 Dodging
 + Level 0.3 Stealth
 + Level 0.3 Shields
 + Level 0.3 Unarmed Combat
 + Level 2.7 Spellcasting
 + Level 0.3 Conjurations
 + Level 0.3 Hexes
 + Level 0.3 Charms
 + Level 0.3 Summonings
 + Level 0.3 Necromancy
 + Level 4.4 Translocations
 + Level 0.3 Transmutations
 + Level 4.4 Fire Magic
 + Level 0.3 Ice Magic
 + Level 0.3 Air Magic
 + Level 0.3 Earth Magic
 + Level 0.3 Poison Magic
 + Level 0.3 Invocations
 + Level 4.4 Evocations


You had 6 spell levels left.
You didn't know any spells.

Dungeon Overview and Level Annotations

Branches:
Dungeon (2/15)

Altars:


Innate Abilities, Weirdness & Mutations

Your experience applies equally to all skills.
You have very sharp teeth.
Your uncanny sense of smell can sniff out nearby items.


Message History

The worm is severely wounded.
Firing (i - inventory):
c - 34 arrows (quivered)
Press: ? - help, Shift-Dir - straight line, f/p - worm
Aim: a worm (severely wounded)
You shoot an arrow. The arrow hits the worm.
The worm is severely wounded.
The worm closely misses you.
Firing (i - inventory):
c - 33 arrows (quivered)
Press: ? - help, Shift-Dir - straight line, f/p - worm
Aim: a worm (severely wounded)
You shoot an arrow. The arrow hits the worm!
You kill the worm!
c - 34 arrows (gained 2)
You see here a worm corpse.
c - 35 arrows (gained 1)
A goblin comes into view. It is wielding a dagger.
The goblin shouts!
Found 10 gold pieces.
Found 9 gold pieces.
Firing (i - inventory):
c - 35 arrows (quivered)
Press: ? - help, Shift-Dir - straight line, f - goblin
Aim: a goblin, wielding a dagger You shoot an arrow.
The arrow hits the goblin.
You kill the goblin!
A rat and a dart slug come into view.
Firing (i - inventory):
c - 34 arrows (quivered)
Press: ? - help, Shift-Dir - straight line, f - dart slug
Aim: a dart slug (clinging, hasn't noticed you)
You shoot an arrow. The arrow hits the dart slug!
The dart slug is almost dead.
The dart slug moves out of view.
Firing (i - inventory):
c - 33 arrows (quivered)
Press: ? - help, Shift-Dir - straight line, f - rat
Aim: a rat You shoot an arrow.
The arrow hits the rat.
You kill the rat!
You have reached level 2!
Firing (i - inventory):
c - 32 arrows (quivered)
Press: ? - help, Shift-Dir - straight line, f - dart slug
Aim: a dart slug (almost dead, clinging)
You shoot an arrow. The arrow hits the dart slug.
The dart slug is almost dead.
Firing (i - inventory):
c - 31 arrows (quivered)
Press: ? - help, Shift-Dir - straight line, f/p - dart slug
Aim: a dart slug (almost dead)
You shoot an arrow. The arrow hits the dart slug.
You kill the dart slug!
c - 31 arrows (gained 1)
Things that are here:
a dagger; a goblin corpse
Found a glowing dagger.
A giant cockroach comes into view.
The giant cockroach waves its antennae.
You see here an arrow.
Firing (i - inventory):
c - 31 arrows (quivered)
Press: ? - help, Shift-Dir - straight line, f - giant cockroach
Aim: a giant cockroach You shoot an arrow.
The arrow hits the giant cockroach!
You kill the giant cockroach!
c - 31 arrows (gained 1)
c - 32 arrows (gained 1)
Found a meat ration.
c - 33 arrows (gained 1)
Found a hunting sling, a scroll labeled ZUCUKU LOYSA and 7 gold pieces.
You now have 10 gold pieces.
c - 34 arrows (gained 1)
You now have 17 gold pieces (gained 7).
Found 12 arrows.
g - a scroll labeled ZUCUKU LOYSA
Found a scroll labeled OCUCAN VAGE.
A sky beast comes into view.
The sky beast flickers out of sight!
Deactivating autopickup; reactivate with Ctrl-A.
Something hits you. Something shocks you.
It was a potion of curing.
You feel better. Something hits you. Something shocks you.
You see here a meat ration.
A hobgoblin comes into view. It is wielding a club.
The hobgoblin shouts!
You see here 12 arrows.
You see here a hunting sling.
Fire/throw which item? (* to show all) (? for menu, Esc to quit)
Okay, then.
Okay, then.
Fire/throw which item? (* to show all) (? for menu, Esc to quit)
Okay, then.
Firing (i - inventory):
c - 34 arrows (quivered)
Press: ? - help, Shift-Dir - straight line, f - hobgoblin
Aim: a hobgoblin, wielding a club You shoot an arrow.
Something hits you.
* * * LOW HITPOINT WARNING * * *
Something shocks you.
* * * LOW HITPOINT WARNING * * *
Firing (i - inventory):
c - 33 arrows (quivered)
Press: ? - help, Shift-Dir - straight line, f/p - hobgoblin
Aim: a hobgoblin, wielding a club You shoot an arrow.
The arrow barely misses the hobgoblin.
Something hits you.
* * * LOW HITPOINT WARNING * * *
Something shocks you.
You die...

#..# #.#### #..#
#....# #..# #..#.#
#####..### #....
#......%.# #..#
#.###..#.###..#
#.##......(...#
#..#...#.###.)# # ###
#......@(g..#.# ∆
..###...#.###..#.##..
#.#.................
#..................#
#.##......##.(.....#
∆ #.##..##...#......#
#.##..#......#...###
..##..#.....)....$..
####..#..........###


You could see a hobgoblin.

Vanquished Creatures
  A worm (D:2)
  A dart slug (D:2)
  A giant cockroach (D:2)
  A goblin (D:2)
  4 rats
8 creatures vanquished.

Vanquished Creatures (others)
  An adder (D:2)
  A hobgoblin (D:2)
  A frilled lizard (D:2)
  A kobold (D:2)
4 creatures vanquished.

Grand Total: 12 creatures vanquished

Notes
Turn   | Place    | Note
-------+----------+-------------------------------------------
     0 | D:1      | tidbits the Gnoll Wanderer began the quest for the Orb.
     0 | D:1      | tidbits set off with: a book of Spatial Translocations, a +0 shortbow, 18 arrows, a +0 ring mail, a bread ration
     0 | D:1      | Reached XP level 1. HP: 17/17 MP: 4/4
   105 | D:2      | Reached XP level 2. HP: 22/23 MP: 5/5
   143 | D:2      | Noticed a sky beast
   156 | D:2      | Slain by a sky beast

Vault maps used:
D:1:      lightli_molten_gateway
D:2:      lemuel_flame_loot_1

Action                   || total
-------------------------++-------
 Fire: Shortbow          ||    27
  Use: Potion            ||     1
Armor: Ring mail         ||     4
Dodge: Dodged            ||     5

Table legend:
 A = Spawn XP
 B = Non-spawn XP
 C = Spawn XP percentage of total XP
 D = Spawn monster count
 E = Non-spawn monster count
 F = Spawn count percentage of total count
 G = Total turns spent on level
                    A         B        C        D         E        F      G
               +---------+---------+-------+---------+---------+-------+---------
         Total |       0 |      16 |   0.0 |       0 |       8 |   0.0 |   156
               +---------+---------+-------+---------+---------+-------+---------
           D:1 |       0 |       3 |   0.0 |       0 |       3 |   0.0 |    54
           D:2 |       0 |      13 |   0.0 |       0 |       5 |   0.0 |   102
               +---------+---------+-------+---------+---------+-------+---------

Table legend:
 A = Turns spent in this place as a percentage of turns spent in the entire game.
 B = Non-inter-level travel turns spent in this place as a percentage of non-inter-level travel turns spent in the entire game.
 C = Inter-level travel turns spent in this place as a percentage of turns spent in this place.
 D = Turns resting spent in this place as a percentage of non-inter-level travel turns spent in this place.
 E = Turns spent auto-exploring this place as a percentage of non-inter-level travel turns spent in this place.
 F = Non-inter-level travel turns spent in this place divided by the number of levels of this place that you've seen.
                   A       B       C       D       E      F
               +-------+-------+-------+-------+-------+----------------------
         Total | 100.0 | 100.0 |   0.0 |   0.0 |   0.0 |  78.0
       Dungeon | 100.0 | 100.0 |   0.0 |   0.0 |   0.0 |  78.0
               +-------+-------+-------+-------+-------+----------------------

Table legend:
 A = Kills in this place as a percentage of kills in entire the game.
 B = Kills by you in this place as a percentage of kills by you in the entire game.
 C = Kills by friends in this place as a percentage of kills by friends in the entire game.
 D = Other kills in this place as a percentage of other kills in the entire game.
 E = Experience gained in this place as a percentage of experience gained in the entire game.
 F = Experience gained in this place divided by the number of levels of this place that you have seen.
                   A       B       C       D       E      F
               +-------+-------+-------+-------+-------+----------------------
         Total | 100.0 | 100.0 |   N/A |   N/A | 100.0 |   8.0
       Dungeon | 100.0 | 100.0 |   N/A |   N/A | 100.0 |   8.0
               +-------+-------+-------+-------+-------+----------------------

Vault maps used:
D:1:      lightli_molten_gateway
D:2:      lemuel_flame_loot_1
